 Dungeon Crawl Stone Soup version 0.18-a0-1390-gc02854d (webtiles) character file.

35 M4edhros the Charlatan (level 3, 0/23 HPs)
             Began as an Octopode Artificer on Feb 22, 2016.
             Slain by a jackal (3 damage)
             ... on level 2 of the Dungeon.
             The game lasted 00:01:54 (1216 turns).

M4edhros the Charlatan (Octopode Artificer)         Turns: 1216, Time: 00:01:54

Health: 0/23       AC:  1    Str: 10    XL:     3   Next: 35%
Magic:  5/5        EV: 12    Int: 20    God:
Gold:   70         SH:  0    Dex: 12    Spells: 0 memorised, 2 levels left

rFire  . . .     SeeInvis .     a - +0 short sword
rCold  . . .     Gourm    .     (no shield)
rNeg   . . .     Faith    .     (helmet restricted)
rPois  .         Spirit   .     (no amulet)
rElec  .         Dismiss  .     (no ring)
rCorr  .         Reflect  .     (no ring)
SustAt .         Harm     .     (no ring)
MR     .....                    (no ring)
Stlth  +++.......               (no ring)
                                (no ring)
                                (no ring)
                                (no ring)

@: brilliant, flying, not resistant to hostile enchantments, fairly stealthy
A: almost no armour, amphibious, 8 rings, constrict 8, camouflage 1, gelatinous
body 1
a: no special abilities


You were on level 2 of the Dungeon.
You were hungry.

You visited 1 branch of the dungeon, and saw 2 of its levels.

You collected 70 gold pieces.

Inventory:

Hand Weapons
 a - a +0 short sword (weapon)
Wands
 b - a wand of flame (15/48)
 c - a wand of enslavement (13/24)
 d - a wand of random effects (14/48)
Scrolls
 e - a scroll of remove curse {unknown}
 g - a scroll of identify {unknown}
 h - 2 scrolls of fog {unknown}
 j - a scroll of blinking {unknown}
 k - a scroll of teleportation {unknown}
Comestibles
 f - a bread ration
 i - 2 meat rations
 l - a beef jerky


   Skills:
 - Level 1.0 Fighting
 - Level 1.0 Short Blades
 - Level 2.0 Dodging
 - Level 1.3 Stealth
 + Level 2.8 Unarmed Combat
 - Level 3.2 Evocations


You had 2 spell levels left.
You didn't know any spells.

Dungeon Overview and Level Annotations

Branches:
Dungeon (2/15)

Altars:


Innate Abilities, Weirdness & Mutations

You cannot wear most types of armour.
You are amphibious.
You can wear up to eight rings at the same time.
You can use your tentacles to constrict eight enemies at once.
Your skin changes colour to match your surroundings (Stealth).
Your rubbery body absorbs attacks (AC +1).


Message History

Zapping:
c - a wand of enslavement (14/24)
Press: ? - help, Shift-Dir - straight line, f/p - adder
Aim: an adder (fast, chance to defeat MR: 62%)
The adder is charmed.
This wand has 13 charges left.
What do you say? t - Shout!
Orders for allies: a - Attack new target. p - Attack previous target. r - Retreat! s - Stop attacking. w - Wait here. f - Follow me.
Anything else - Stay silent.
Wait here!
You feel sick.
You hear a bark! x2
A jackal comes into view.
You feel sick.
You are no longer poisoned.
A jackal comes into view.
The jackal bites you.
* * * LOW HITPOINT WARNING * * *
The jackal bites you.
You die...

...............#....... #######..
..............##.......##.....###
.......................#.......#.
........S....(.............<.....
..................>.....♣.....♣..
...........##....................
......#######.....###.....♣.♣....
#...........#.....# ............
#...............@.# ###.♣.†...♣..
#..............h..# .......<.....
#...............#.+....#.......#.
#...............#+#....##.....##.
#.....#######..........#########.
......#.......h..........#.......
......................#..........
............................>....
........†...#...........##.......


You could see 2 jackals.

Vanquished Creatures
  An adder (D:2)
  A dart slug (D:1)
  A giant gecko (D:1)
  2 bats (D:2)
  2 giant cockroaches (D:1)
  5 hobgoblins
  3 jackals (D:2)
  2 giant newts (D:1)
  2 goblins
  3 rats
22 creatures vanquished.

Notes
Turn   | Place    | Note
--------------------------------------------------------------
     0 | D:1      | M4edhros the Octopode Artificer began the quest for the Orb.
     0 | D:1      | Reached XP level 1. HP: 13/13 MP: 3/3
    79 | D:1      | Reached skill level 1 in Unarmed Combat
   193 | D:1      | Reached XP level 2. HP: 18/18 MP: 4/4
  1077 | D:2      | Reached XP level 3. HP: 15/23 MP: 5/5
  1216 | D:2      | Slain by a jackal

Vault maps used:
D:1:      lemuel_arrival_room, minmay_door_square
D:2:      grunt_ministairs_10

Skill      XL: |  1  2 |
---------------+-------+-----
Unarmed Combat | 1 2 |  2.8
Fighting       | |  1.0
Short Blades   | |  1.0
Dodging        | |  2.0
Stealth        | |  1.3
Evocations     | |  3.2

Action                   || total
-------------------------++-------
Melee: Short sword       ||    50
Evoke: Wand              ||     3
  Use: Potion            ||     3
 Stab: Sleeping          ||     8
